 Dungeon Crawl Stone Soup version 0.18-a0-1764-gf4ddf0b (webtiles) character file.

315 graki42 the Sneak (level 6, 11/41 HPs)
             Began as a Halfling Assassin on Apr 14, 2016.
             Quit the game on level 4 of the Dungeon.
             The game lasted 00:10:56 (2997 turns).

graki42 the Sneak (Halfling Assassin)               Turns: 2997, Time: 00:10:57

Health: 11/41      AC:  4    Str: 11    XL:     6   Next: 72%
Magic:  6/6        EV: 16    Int: 10    God:
Gold:   191        SH:  0    Dex: 18    Spells: 0 memorised, 5 levels left

rFire  . . .     SeeInvis .     a - +2 dagger
rCold  . . .     Gourm    .     c - +0 robe
rNeg   . . .     Faith    .     (shield restricted)
rPois  .         Spirit   .     k - +0 helmet
rElec  .         Dismiss  .     d - +0 cloak
rCorr  .         Reflect  .     (no gloves)
SustAt .         Harm     .     (no boots)
MR     .....                    (no amulet)
Stlth  ++........               (no ring)
                                (no ring)

@: glowing, not resistant to hostile enchantments, unstealthy
A: mutation resistance 1
a: no special abilities


You were on level 4 of the Dungeon.
You were near starving.

You visited 1 branch of the dungeon, and saw 5 of its levels.

You collected 191 gold pieces.

Inventory:

Hand Weapons
 a - a +2 dagger (weapon)
 b - a +0 blowgun
Missiles
 e - 48 poisoned needles
 f - 2 curare-tipped needles
Armour
 c - a +0 robe (worn)
 d - a +0 cloak (worn)
 k - a +0 helmet (worn)
Magical Staves
 p - an uncursed staff of conjuration
Jewellery
 h - an uncursed ring of fire
Wands
 q - a wand of teleportation (2/9)
Scrolls
 i - 3 scrolls of identify {unknown}
Potions
 l - a potion of lignification {unknown}
 m - a potion of resistance {unknown}
 n - a potion of haste {unknown}
 o - a potion of heal wounds {unknown}
Comestibles
 g - 4 bread rations
 j - a royal jelly


   Skills:
 + Level 2.7 Fighting
 + Level 4.0 Short Blades
 + Level 2.5 Throwing
 + Level 3.5 Dodging
 + Level 6.6 Stealth


You had 5 spell levels left.
You didn't know any spells.

Dungeon Overview and Level Annotations

Branches:
Dungeon (5/15)
 Temple: D:4-7

Altars:
Nemelex Xobeh

Shops:
D:4 :


Innate Abilities, Weirdness & Mutations

You are small and have problems with some larger weapons.
You are somewhat resistant to further mutation.


Message History

The gnoll is heavily wounded.
The gnoll completely misses you.
The gnoll hits you from afar with a spear!
You hit the gnoll.
The gnoll is heavily wounded.
The gnoll hits you from afar with a spear!
The gnoll misses you. The gnoll shaman misses you.
The gnoll hits you with a spear.
* * * LOW HITPOINT WARNING * * *
There is an open door here.
You hit the gnoll shaman.
The gnoll shaman is moderately wounded.
The gnoll misses you.
The gnoll shaman calls down the wrath of its god upon you.
You are outlined in light.
The gnoll closely misses you.
The gnoll hits you from afar with a spear.
* * * LOW HITPOINT WARNING * * *
The gnoll shaman calls upon its god to heal the gnoll.
The gnoll is healed somewhat.
Are you sure you want to abandon this character and quit the game? (Confirm with "yes".)

...................#
...................#
..............(....*
########'##g####'##*
,,,,........g.....#
,,,,........g.....#
,,,,..........g...#
,,,,..............#
,,,,...........g@.#
,,,,..............#
****###############


You could see a gnoll shaman and 4 gnolls.

Vanquished Creatures
  A phantom (D:4)
  A hound (D:5)
  Terence (D:3)
  7 adders
  An ooze (D:1)
  An adder skeleton (D:4)
  4 worms
  A dart slug (D:1)
  2 giant geckos
  8 orcs
  5 ball pythons
  4 giant cockroaches
  7 goblins
  9 hobgoblins
  14 bats
  A giant cockroach zombie (D:5)
  A giant gecko skeleton (D:4)
  5 giant newts
  9 kobolds
  9 rats
91 creatures vanquished.

Notes
Turn   | Place    | Note
--------------------------------------------------------------
     0 | D:1      | graki42 the Halfling Assassin began the quest for the Orb.
     0 | D:1      | Reached XP level 1. HP: 14/14 MP: 1/1
   211 | D:1      | Reached XP level 2. HP: 19/19 MP: 2/2
   216 | D:1      | Found a sparkling altar of Nemelex Xobeh.
   311 | D:1      | Reached skill level 5 in Stealth
   532 | D:1      | Reached XP level 3. HP: 24/24 MP: 3/3
   674 | D:2      | Reached XP level 4. HP: 19/29 MP: 4/4
  1758 | D:3      | Noticed Terence
  1777 | D:3      | Reached XP level 5. HP: 34/34 MP: 5/5
  1870 | D:3      | Killed Terence
  1870 | D:3      | Reached skill level 6 in Stealth
  2621 | D:3      | Reached XP level 6. HP: 36/41 MP: 6/6
  2756 | D:4      | Noticed a phantom
  2760 | D:4      | Killed a phantom
  2776 | D:4      | Found Juseix's Book Shop.
  2873 | D:5      | Entered Level 5 of the Dungeon
  2997 | D:4      | Quit the game

Vault maps used:
D:1:      mrwooster_arrival_statue_2, nemelex_diamond_rough_becter
D:3:      st_stairs_3, uniq_terence
D:4:      kennysheep_mini, nicolae_ossuary_entry_monument, serial_shops, shop,
          uniq_pikel, uniq_robin
D:5:      johnstein_pakellas_shop, first_bread, uniq_blork_the_orc

Skill      XL: |  1  2  3  4  5  6 |
---------------+-------------------+-----
Stealth        | 5 6 |  6.6
Short Blades   | 3 4 |  4.0
Dodging        | 2 3 |  3.5
Fighting       | 2 |  2.7
Throwing       | |  2.5

Action                   |  1- 3 |  4- 6 || total
-------------------------+-------+-------++-------
Melee: Dagger            |    50 |   250 ||   300
 Fire: Blowgun           |       |     9 ||     9
  Use: Scroll            |       |     2 ||     2
 Stab: Sleeping          |    12 |    15 ||    27
       Distracted        |     1 |       ||     1
  Eat: Chunk             |       |     5 ||     5
Armor: Robe              |    14 |    39 ||    53
Dodge: Dodged            |    36 |   171 ||   207
